Map: Ruins of Seras

Players

Lysandar

  • Race: Terran Terran
  • League: Grandmaster

SticklerMac - Winner!

  • Race: Zerg Zerg
  • League: Grandmaster

VOD

Have the link to the VOD?

Description

Time

  • Played on: June 16, 2015, 2:11 p.m.
  • Length: 3:51
Show
View Real Time Build Order
Export as new Build Order

Lysandar Terran 

Build Orders: Command Center First (CC) 

Get SALT Encoding   

  12  0:01  SCV  
  13  0:13  SCV  
  14  0:18  Supply Depot  
  14  0:25  SCV  
  15  0:39  SCV  
  16  0:52  SCV  
  17  1:01  Command Center  
  18  1:04  SCV  
  18  1:14  Barracks  
  18  1:18  SCV  
  19  1:23  Refinery  
  19  1:30  SCV  
  20  1:42  SCV  
  21  1:56  SCV  
  22  2:06  Reaper  
  22  2:08  Orbital Command  
  23  2:13  Orbital Command  
  23  2:19  Refinery  
  23  2:27  Command Center  
  23  2:34  SCV  
  24  2:38  SCV  
  25  2:48  Factory  
  25  2:57  Marine  
  19  3:15  Bunker  
  19  3:18  Supply Depot  
  19  3:20  Marine  
  19  3:26  SCV x2  
  20  3:38  SCV x2  
Show
View Real Time Build Order
Export as new Build Order

SticklerMac Zerg - Winner!

Build Orders: Pool Only 

Get SALT Encoding   

  12  0:18  Spawning Pool  
  11  0:21  Extractor  
  11  0:24  Drone  
  11  0:29  Drone  
  12  0:35  Drone  
  12  0:40  Drone  
  14  0:53  Overlord  
  14  1:11  Queen  
  14  1:13  Drone  
  14  1:17  Drone  
  18  1:29  Metabolic Boost  
  18  1:31  Zergling x2  
  19  1:36  Zergling x2  
  20  1:40  Zergling x2  
  21  1:50  Zergling x2  
  22  2:02  Baneling Nest, Zergling x2  
  22  2:24  Overlord  
  22  2:25  Overlord x2  
  22  2:44  Zergling x6  
  25  2:59  Zergling x4  
  25  3:00  Zergling x6  
  27  3:28  Zergling x4  
Tags
 
Add a new tag
Caveats
  • Supply blocks, unpowered buildings, or Contaminate may cause inaccurate times.
  • Supply counts are checked every 10 seconds.